 Dungeon Crawl Stone Soup version 0.31-a0-1178-gc5c9b8f871 (webtiles) character file.

Game seed: 15783071671751730460

81 subawu the Grave Robber (level 4, -5/31 HPs)
             Began as a Human Necromancer on Dec 11, 2023.
             Was an Initiate of Hepliaklqana.
             Slain by an orc
             ... wielding a +0 mace
              (8 damage)
             ... on level 3 of the Dungeon.
             The game lasted 00:06:52 (2075 turns).

subawu the Grave Robber (Human Necromancer)         Turns: 2075, Time: 00:06:53

Health: -5/31      AC:  2    Str:  8    XL:     4   Next: 67%
Magic:  4/7        EV: 12    Int: 17    God:    Hepliaklqana [......]
Gold:   38         SH:  0    Dex: 14    Spells: 2/7 levels left

rFire   . . .        d - +0 dagger
rCold   . . .        (no shield)
rNeg    . . .        a - +0 robe
rPois   .            (no helmet)
rElec   .            (no cloak)
rCorr   .            (no gloves)
SInv    .            (no boots)
Will    .....        (no amulet)
Stlth   ++           (no ring)
HPRegen 0.25/turn    (no ring)
MPRegen 0.10/turn

%: no passive effects
@: no status effects
A: no striking features
a: Renounce Religion


You were on level 3 of the Dungeon.
You worshipped Hepliaklqana.
Hepliaklqana was noncommittal.
You visited 1 branch of the dungeon, and saw 3 of its levels.

You collected 38 gold pieces.

Inventory:

Hand Weapons
 d - a +0 dagger (weapon)
Missiles
 c - 10 stones (quivered)
Armour
 a - a +0 robe (worn)
Scrolls
 e - a scroll of enchant armour {unknown}
 f - a scroll of blinking {unknown}
 g - 2 scrolls of fear {unknown}
Potions
 b - a potion of magic
 h - a potion of ambrosia {unknown}
 i - 2 potions of cancellation {unknown}
 j - a potion of enlightenment {unknown}
 k - a potion of mutation {unknown}


   Skills:
 + Level 0.3 Fighting
 + Level 0.4 Short Blades
 + Level 2.5 Dodging
 + Level 2.2 Stealth
 + Level 2.3 Spellcasting
 + Level 5.0 Necromancy


You had 2 spell levels left.
You knew the following spells:

 Your Spells              Type           Power      Damage    Failure   Level
a - Necrotise             Necr           76%        1d7       2%          1
b - Wereblood             Tmut           2%         N/A       28%         2
c - Sublimation of Blood  Necr           19%        N/A       3%          2

Your spell library contained the following spells:

 Spells                   Type           Power      Damage    Failure   Level
 Vampiric Draining        Necr           19%        2d7       7%          3
 Animate Dead             Necr           19%        N/A       24%         4
 Agony                    Necr           19%        N/A       54%         5
 Summon Hydra             Summ           1%         N/A       100%        7


Dungeon Overview and Level Annotations

Branches:
Dungeon (3/15)

Altars:
Hepliaklqana


Message History

Your orc skeleton hits the orc.
You bump into the rock wall.
Something hits you.
* * * LOW HITPOINT WARNING * * *
You miss something. Something barely misses you.
Your orc skeleton hits the orc but does no damage.
You're too confused to cast spells.
You are too confused!
You bump into the rock wall.
Something hits you.
* * * LOW HITPOINT WARNING * * *
Your orc skeleton barely misses the orc.
You're too confused to cast spells.
Okay, then.
You're too confused to cast spells.
Okay, then.
Something hits you but does no damage.
Your orc skeleton closely misses the orc.
Non-targeted confused throw: 11 stones
Press: ? - help, Q - select action, (/) - cycle Dir - look around, f - activate Look: an orc, wielding a +0 mace and wearing a +0 leather armour (lightly wounded)
You throw a stone.
You feel less confused. Something hits you.
* * * LOW HITPOINT WARNING * * *
Your orc skeleton barely misses the orc.
You hit the orc.
The orc is moderately wounded.
You hit the orc but do no damage.
The orc is moderately wounded.
The orc hits you with a +0 mace.
* * * LOW HITPOINT WARNING * * *
Your orc skeleton hits the orc but does no damage.
You barely miss the orc.
The orc is moderately wounded.
The orc hits you with a +0 mace.
* * * LOW HITPOINT WARNING * * *
Your orc skeleton barely misses the orc.
You hit the orc.
The orc is severely wounded.
The orc hits you with a +0 mace!
You die...

##...####.........###
#.......+...........
####...####..........
#.......(# #.......#
#.#...##.# #...Z.# #
##.###.# #.o.#
#.##.###.# #{#
#........# #o#
####.##### #@# #.#
##.## #####.###
##...## #.......#
#.....#### #.###.#.#
##........ #.#
#.#.#######..######
#.# #.........#..#
#.# ###.#####....#
#.# #)# ####.#


You could see 2 orcs and a friendly orc skeleton.

Vanquished Creatures
  4 adders (D:2)
  A worm (D:3)
  2 orcs (D:3)
  4 ball pythons
  2 bats (D:2)
  3 endoplasms
  A giant cockroach (D:1)
  4 goblins
  3 hobgoblins
  4 kobolds
  3 quokkas (D:1)
  6 frilled lizards
  3 rats
40 creatures vanquished.

Notes
Turn   | Place    | Note
-------+----------+-------------------------------------------
     0 | D:1      | subawu the Human Necromancer began the quest for the Orb.
     0 | D:1      | Reached XP level 1. HP: 13/13 MP: 3/3
    53 | D:1      | Reached XP level 2. HP: 18/19 MP: 0/5
   123 | D:1      | Learned a level 2 spell: Wereblood
   463 | D:1      | Found a faded altar of an unknown god.
   855 | D:1      | Learned a level 2 spell: Sublimation of Blood
   906 | D:2      | Reached XP level 3. HP: 23/24 MP: 2/6
   982 | D:2      | Found a hazy altar of Hepliaklqana.
  1101 | D:2      | Reached XP level 4. HP: 10/30 MP: 5/7
  1211 | D:2      | Became a worshipper of Hepliaklqana the Forgotten
  1699 | D:2      | Reached skill level 5 in Necromancy
  2075 | D:3      | Slain by an orc

Illustrated notes

Levels and vault maps discovered:
D:1:      ebering_hopf_link, layout_basic, chequers_ecumenical_altar_lobes,
          palyth_stone_intersect
D:2:      layout_basic, basic_altar
D:3:      layout_loops_corners, yredelemnul_altar_generic,
          lightli_temple_of_fire, mainiacjoe_overflow_chevrons

Skill      XL: |  1  2  3  4 |
---------------+-------------+-----
Necromancy     | 5 |  5.0
Fighting       | |  0.3
Short Blades   | |  0.4
Dodging        | |  2.5
Stealth        | |  2.2
Spellcasting   | |  2.3

Action                     |  1- 3 |  4- 6 || total
---------------------------+-------+-------++-------
  Melee: Dagger            |    26 |    67 ||    93
         Punch             |       |     2 ||     2
  Throw: Stone             |       |     1 ||     1
   Cast: Necrotise         |    23 |    16 ||    39
         Sublimation of Bl |     1 |     1 ||     2
         Wereblood         |     1 |       ||     1
   Stab: Distracted        |       |     1 ||     1
 Armour: Robe              |    22 |    41 ||    63
  Dodge: Dodged            |    29 |    27 ||    56

Table legend: (Time is in decaauts)
 A = Elapsed time spent in this place.
 B = Non-inter-level travel time spent in this place.
 C = Inter-level travel time spent in this place.
 D = Time resting spent in this place.
 E = Time spent auto-exploring this place.
 F = Levels seen in this place.
 G = Mean time per level.
                   A        B        C        D        E       F      G
               +--------+--------+--------+--------+--------+-----+--------+
         Total |   2074 |   2048 |     26 |     57 |   1498 |   3 |  691.3 |
       Dungeon |   2074 |   2048 |     26 |     57 |   1498 |   3 |  691.3 |
               +--------+--------+--------+--------+--------+-----+--------+

Top non-repeatable levels by time:
     D:2: 1002 daAuts
     D:1: 904 daAuts
     D:3: 167 daAuts
